 Dungeon Crawl Stone Soup version 0.21.1-1-g345015f (webtiles) character file.

13983 Vodalian the Cleaver (level 11, -4/107 HPs)
             Began as a Minotaur Berserker on Apr 25, 2018.
             Was a High Priest of Trog.
             Killed from afar by a deep elf mage (14 damage)
             ... with a bolt of lightning
             ... on level 12 of the Dungeon on Apr 27, 2018.
             The game lasted 00:29:32 (9176 turns).

Vodalian the Cleaver (Minotaur Berserker)           Turns: 9176, Time: 00:29:33

Health: -4/107     AC: 18    Str: 23    XL:     11   Next: 82%
Magic:  0/10       EV: 15    Int:  5    God:    Trog [*****.]
Gold:   705        SH:  0    Dex: 17    Spells: 10/10 levels left

rFire    . . .     SeeInvis .   w - +3 war axe (freeze)
rCold    . . .     Gourm    .   (no shield)
rNeg     . . .     Faith    .   I - +1 plate armour
rPois    +         Spirit   +   (helmet restricted)
rElec    .         Reflect  .   m - scarf {Spirit}
rCorr    .         Harm     .   B - +0 pair of gloves
MR       +....                  e - +0 pair of boots of the King of the Hill {Dex+6}
Stlth    ..........             j - amulet of Kopumur {rPois Regen+}
HPRegen  0.67/turn              s - +3 ring of evasion
MPRegen  0.12/turn              k - ring of protection from magic

@: berserk cooldown, starving
A: retaliatory headbutt, horns 2
a: Berserk, Trog's Hand, Brothers in Arms, Burn Spellbooks, Renounce Religion


You were on level 12 of the Dungeon.
You worshipped Trog.
Trog was extremely pleased with you.
You were starving.

You visited 1 branch of the dungeon, and saw 12 of its levels.

You collected 705 gold pieces.

Inventory:

Hand Weapons
 w - a +3 war axe of freezing (weapon)
 H - a +0 battleaxe
 N - a +6 eveningstar
Missiles
 t - 23 tomahawks (quivered)
Armour
 a - the cursed +1 robe "Cuhuschi" {rElec rCorr, unknown}
   (You found it on level 8 of the Dungeon)

   It insulates you from electricity.
   It protects you from acid and corrosion.
   It has a curse placed upon it.
 e - the +0 pair of boots of the King of the Hill (worn) {Dex+6}
   (You found it on level 7 of the Dungeon)

   It affects your dexterity (+6).
 f - a +0 chain mail
 m - a scarf of spirit shield (worn)
 B - a +0 pair of gloves (worn)
 I - a +1 plate armour (worn)
Jewellery
 j - the amulet of Kopumur (around neck) {rPois Regen+}
   (You found it on level 8 of the Dungeon)

   [amulet of regeneration]

   It protects you from poison.
   It increases your rate of regeneration.
 k - a ring of protection from magic (right hand)
 l - a cursed ring of loudness {unknown}
 o - an uncursed amulet of guardian spirit
 s - a +3 ring of evasion (left hand)
 K - an uncursed ring of flight {unknown}
 L - an uncursed ring of poison resistance {unknown}
 M - an uncursed ring of resist corrosion {unknown}
Wands
 b - a wand of flame (59)
 q - a wand of clouds (6)
 x - a wand of acid (8)
 C - a wand of enslavement (8)
 D - a wand of disintegration (8)
 G - a wand of random effects (35)
 Q - a wand of digging (11)
Scrolls
 d - 4 scrolls of identify
 g - 2 scrolls of blinking
 r - 3 scrolls of remove curse
 u - 5 scrolls of teleportation
 y - a scroll of random uselessness {unknown}
 F - 2 scrolls of enchant weapon
 J - a scroll of fear
 P - a scroll of holy word {unknown}
Potions
 h - 4 potions of curing
 i - 2 potions of agility {unknown}
 n - a potion of heal wounds {unknown}
 p - 3 potions of brilliance
 v - 4 potions of ambrosia
 z - 2 potions of lignification {unknown}
 A - 2 potions of haste {unknown}
 E - 3 potions of might
 O - a potion of magic {unknown}
Comestibles
 c - 15 rations
 R - a chunk of flesh


   Skills:
 * Level 13.3 Fighting
 * Level 13.4 Axes
 + Level 9.8 Armour
 + Level 8.9 Dodging


You had 10 spell levels left.
You didn't know any spells.

Dungeon Overview and Level Annotations

Branches:
Dungeon (12/15)            Temple (0/1) D:5            Lair (0/6) D:9
    Orc (0/2) D:9

Altars:
Ashenzari
Elyvilon
Gozag
Hepliaklqana
Makhleb
Okawaru
Qazlal
Ru
Trog
Uskayaw
Xom
Yredelemnul

Shops:
D:4 =   D:7 *


Innate Abilities, Weirdness & Mutations

You reflexively headbutt those who attack you in melee.
You have a pair of horns on your head.


Message History

ZomBoFoB's ghost barely misses you.
You're still recovering from your berserk rage.
Your iron troll goes berserk!
You are starving!
ZomBoFoB's ghost hits you but does no damage.
ZomBoFoB's ghost hits you but does no damage.
You hear a shout!
Found a phantom mirror.
A deep elf mage comes into view. It is wielding a long sword.
You feel yourself speed up.
The deep elf mage shouts!
Your iron troll bites ZomBoFoB's ghost!!
ZomBoFoB's ghost is destroyed!
Trog accepts your kill.
There is a stone staircase leading up here.
You hear a distant blaring wail to the north.
The deep elf mage gestures at you while chanting.
The bolt of lightning hits your iron troll.
The bolt of lightning hits you!
You die...

... #.# ...o #.#
.....####.#
#........# ..#
#........#######./#
#..####...........#
#...........#
#...........# #..#
#...@.......# #..#
#...........# #..#
#...........# #..#
#<..........# #..#
#......T....# #..#
#...........# #..#
#.......e...# #<.#
#......[....#
#..####.....)...}.#


You could see a deep elf mage and a friendly iron troll (berserk).

Vanquished Creatures
  The ghost of Verendum the Cruncher, a journeyman MiGl of the Shining One (D:9)
  2 two-headed ogres
  Urug (D:11)
  2 unseen horrors
  Maurice (D:11)
  A gargoyle (D:10)
  A komodo dragon (D:12)
  2 trolls
  A hornet (D:10)
  Grinder (D:6)
  4 hippogriffs
  Sigmund (D:5)
  A wyvern (D:9)
  A spriggan (D:11)
  4 yaks (D:9)
  2 vampires (D:10)
  Grum (D:11)
  A warg (D:9)
  2 water moccasins
  A porcupine (D:9)
  3 sky beasts
  3 orc warriors
  3 ice beasts
  2 phantoms
  5 black bears
  A hornet zombie (D:8)
  4 ogres
  A necrophage (D:9)
  2 centaurs
  3 wolves (D:11)
  7 bullfrogs
  2 wyvern skeletons
  4 scorpions
  10 killer bees
  3 wights (D:7)
  A crimson imp (D:7)
  3 howler monkeys
  3 hounds
  A centaur zombie (D:11)
  2 jellies
  2 bullfrog zombies
  5 iguanas
  2 orc priests (D:6)
  4 centaur skeletons
  A gnoll shaman (D:7)
  Ijyb (D:4)
  3 orc wizards
  11 worker ants
  Robin (D:3)
  2 worker ant zombies
  3 gnolls (D:7)
  10 adders
  An ooze (D:6)
  3 adder skeletons
  An adder zombie (D:5)
  3 worms
  3 dart slugs
  3 leopard geckos
  25 orcs
  7 giant cockroaches
  17 goblins
  8 hobgoblins
  8 jackals
  8 kobolds
  5 quokkas
  3 ball pythons
  5 bats (D:3)
  4 frilled lizards
  2 quokka skeletons
  9 rats
  A spectral orc (D:6)
  3 fungi (D:9)
258 creatures vanquished.

Vanquished Creatures (collateral kills)
  The ghost of ZomBoFoB the Thrower, a journeyman OgGl of the Shining One (D:12)
1 creature vanquished.

Vanquished Creatures (others)
  2 fungi (D:9)
2 creatures vanquished.

Grand Total: 261 creatures vanquished

Notes
Turn   | Place    | Note
-------+----------+-------------------------------------------
     0 | D:1      | Vodalian the Minotaur Berserker began the quest for the Orb.
     0 | D:1      | Reached XP level 1. HP: 19/19 MP: 0/0
   445 | D:1      | Reached XP level 2. HP: 27/27 MP: 1/1
   836 | D:2      | Reached XP level 3. HP: 28/33 MP: 2/2
   941 | D:2      | Reached ** piety under Trog
  1195 | D:2      | Reached XP level 4. HP: 41/41 MP: 3/3
  1945 | D:3      | Reached *** piety under Trog
  1947 | D:3      | Reached skill level 5 in Axes
  1982 | D:3      | Noticed Robin
  1982 | D:3      | Reached XP level 5. HP: 46/47 MP: 4/4
  1996 | D:3      | Killed Robin
  1998 | D:3      | Reached skill level 5 in Fighting
  2152 | D:3      | Found a burning altar of Makhleb.
  2215 | D:4      | Found a shattered altar of Ashenzari.
  2217 | D:4      | Noticed Ijyb
  2230 | D:4      | Killed Ijyb
  2442 | D:4      | Found Ittoxega's Jewellery Emporium.
  2455 | D:4      | Found a sacrificial altar of Ru.
  3029 | D:5      | Entered Level 5 of the Dungeon
  3030 | D:5      | Reached XP level 6. HP: 56/56 MP: 5/5
  3280 | D:5      | Reached XP level 7. HP: 62/63 MP: 6/6
  3392 | D:5      | Reached **** piety under Trog
  3463 | D:5      | Noticed Sigmund
  3477 | D:5      | Killed Sigmund
  3477 | D:5      | Reached skill level 5 in Armour
  3521 | D:5      | Found a staircase to the Ecumenical Temple.
  3647 | D:5      | Reached XP level 8. HP: 73/73 MP: 7/7
  3776 | D:6      | Reached skill level 5 in Dodging
  3780 | D:6      | Found a hazy altar of Hepliaklqana.
  3867 | D:6      | Noticed Grinder
  3871 | D:6      | Killed Grinder
  4372 | D:6      | Reached XP level 9. HP: 82/82 MP: 8/8
  4557 | D:6      | Found a basalt altar of Yredelemnul.
  4688 | D:7      | Got a pair of slimy boots
  4699 | D:7      | Identified the +0 pair of boots of the King of the Hill {Dex+6} (You found it on level 7 of the Dungeon)
  4716 | D:7      | Found a white marble altar of Elyvilon.
  4899 | D:7      | Found Silox's Assorted Antiques.
  4906 | D:7      | Reached ***** piety under Trog
  5286 | D:8      | Found a shimmering altar of Xom.
  5286 | D:8      | Found an opulent altar of Gozag.
  5449 | D:8      | Got a clouded amethyst amulet
  5495 | D:8      | Identified the amulet of Kopumur {rPois Regen+} (You found it on level 8 of the Dungeon)
  5850 | D:8      | Found an iron altar of Okawaru.
  5855 | D:8      | Got a thick robe
  5896 | D:8      | Found a hide-covered altar of Uskayaw.
  5917 | D:8      | Reached skill level 10 in Axes
  6091 | D:8      | Reached skill level 10 in Fighting
  6572 | D:9      | Found a bloodstained altar of Trog.
  6610 | D:9      | Reached XP level 10. HP: 75/94 MP: 7/9
  6655 | D:9      | Found a staircase to the Orcish Mines.
  7109 | D:9      | Noticed Verendum's ghost (journeyman MiGl)
  7122 | D:9      | Killed Verendum's ghost
  7191 | D:9      | Found a staircase to the Lair.
  7551 | D:10     | Entered Level 10 of the Dungeon
  7734 | D:10     | Noticed a two-headed ogre
  7741 | D:10     | Killed a two-headed ogre
  7741 | D:10     | Reached XP level 11. HP: 104/104 MP: 8/10
  7823 | D:10     | Killed an unseen horror
  8385 | D:11     | Noticed Grum
  8398 | D:11     | Killed Grum
  8459 | D:11     | Noticed Urug
  8478 | D:11     | Killed Urug
  8580 | D:11     | Found a stormy altar of Qazlal.
  8588 | D:11     | Killed an unseen horror
  8610 | D:11     | Noticed Maurice
  8618 | D:11     | Killed Maurice
  8624 | D:11     | Received a gift from Trog
  9026 | D:11     | Noticed a two-headed ogre
  9036 | D:11     | Killed a two-headed ogre
  9134 | D:12     | Noticed ZomBoFoB's ghost (journeyman OgGl)
  9170 | D:12     | HP: 5/107 [ZomBoFoB's ghost (14)]
  9173 | D:12     | Noticed a deep elf mage
  9173 | D:12     | Killed ZomBoFoB's ghost
  9176 | D:12     | Killed from afar by a deep elf mage

Skill      XL: |  1  2  3  4  5  6  7  8  9 10 11 |
---------------+----------------------------------+-----
Axes           | 4 5 6 7 9 10 12 13 | 13.4
Fighting       | 4 5 6 7 8 10 12 13 | 13.3
Armour         | 3 4 5 6 7 8 9 |  9.8
Dodging        | 3 4 5 6 7 8 |  8.9

Action                   |  1- 3 |  4- 6 |  7- 9 | 10-12 || total
-------------------------+-------+-------+-------+-------++-------
Melee: Hand axe          |    87 |   126 |       |       ||   213
       Headbutt          |    16 |    32 |    49 |    67 ||   164
       War axe           |       |    39 |   199 |   237 ||   475
Invok: Berserk           |       |     1 |     2 |     5 ||     8
       Burn Spellbooks   |       |     1 |     1 |       ||     2
       Trog's Hand       |       |       |     1 |     3 ||     4
       Brothers in Arms  |       |       |       |     1 ||     1
  Use: Scroll            |       |       |    13 |       ||    13
       Potion            |       |       |       |     1 ||     1
  Eat: Chunk             |     1 |     8 |    13 |    12 ||    34
Armor: Animal skin       |     9 |       |       |       ||     9
       Chain mail        |    35 |   112 |    39 |       ||   186
       Plate armour      |       |       |    55 |    94 ||   149
Dodge: Dodged            |    40 |    87 |   114 |   167 ||   408
